 Dungeon Crawl Stone Soup version 0.17.0 (webtiles) character file.

52 Sixotanaka the Chopper (level 4, -2/33 HPs)
             Began as a Formicid Air Elementalist on Nov 18, 2015.
             Slain by Crazy Yiuf
             ... wielding a +2 quarterstaff of chaos
              (14 damage)
             ... on level 2 of the Dungeon.
             The game lasted 00:07:10 (2373 turns).

Sixotanaka the Chopper (Formicid Air Elementalist)  Turns: 2373, Time: 00:07:10

Health: -2/33      AC:  2    Str: 17    XL:     4   Next: 8%
Magic:  0/7        EV: 12    Int: 15    God:
Gold:   98         SH:  0    Dex: 12    Spells: 1 memorised, 6 levels left

rFire  . . .     SeeInvis +     g - +0 hand axe
rCold  . . .     Clarity  .     a - +0 robe
rNeg   . . .     SustAt   .     (no shield)
rPois  .         Gourm    .     (helmet unavailable)
rElec  .         Spirit   .     (no cloak)
rCorr  .         Warding  .     (no gloves)
rMut   .         Stasis   +     (no boots)
MR     .....                    (no amulet)
Stlth  ++........               (no ring)
                                l - +5 ring of strength

@: drained, not resistant to hostile enchantments, unstealthy
A: permanent stasis, dig shafts and tunnels, four strong arms, antennae 3
a: Dig, Shaft Self


You were on level 2 of the Dungeon.
You were not hungry.

You visited 1 branch of the dungeon, and saw 2 of its levels.

You collected 98 gold pieces.


Innate Abilities, Weirdness & Mutations

You are under a permanent stasis effect.
You can dig through walls and to a lower floor.
Your four strong arms can wield two-handed weapons with a shield.
You have a pair of large antennae on your head (SInv).


   Skills:
 - Level 1.6(1.3) Fighting
 + Level 2.7(2.4) Axes
 - Level 1.7(1.4) Dodging
 - Level 2.4(2.1) Stealth
 - Level 2.1(1.8) Spellcasting
 - Level 0.8(0.5) Conjurations
 - Level 2.4(2.0) Air Magic


You had 6 spell levels left.
You knew the following spells:

 Your Spells              Type           Power        Failure   Level  Hunger
z - Shock                 Conj/Air       #...         14%         1    ##.....


Dungeon Overview and Level Annotations

Branches:
Dungeon (2/15)

Altars:

Annotations:
D:2 Crazy Yiuf, Ijyb

Inventory:

Hand Weapons
 f - a +0 dagger
 g - a +0 hand axe (weapon)
Armour
 a - a +0 robe (worn)
Jewellery
 l - a +5 ring of strength (left hand)
Scrolls
 e - a scroll of enchant armour {unknown}
 i - a scroll of magic mapping {unknown}
 j - 2 scrolls of identify {unknown}
 n - a scroll of fog {unknown}
 o - a scroll of remove curse {unknown}
 q - a scroll of immolation {unknown}
Potions
 d - a potion of brilliance {unknown}
 k - 2 potions of curing {unknown}
 m - a potion of haste {unknown}
 p - a potion of lignification {!q}
Books
 b - a book of Air
Comestibles
 c - 2 bread rations
 h - a beef jerky

.....#.#.# #........#
#.# .........#
#........# #.#######
......#######........#
#.......#
......'...(##........#
#######.#
......#....##).......#
#.#
...###################
#.# ...# #.## .###
♣♣♣♣♣### #.#. .#
♣♣♣@♣.P#.## #.## .#
♣.g♣.♣....## #.## .#
#.....♣♣♣♣PP....# #.##
## #)..# ♣♣P#...###
#.# .# ### ♣♣##....#
#.## .# #.##.# #.#.
.### #.##.####.#. ...#
#.##......#. ##.#
#.#########.


You could see Crazy Yiuf.


Message History

You see here a bat corpse.
You butcher the bat corpse.
r - a chunk of flesh Eating a chunk of flesh.
You continue eating. x2
Found a stone staircase leading down.
There is a stone staircase leading down here.
Partly explored, can't reach some places.
Partly explored, can't reach some places.
You hit the fungus. x3
You hit the fungus but do no damage. You hit the fungus. You hit the fungus.
You slash the fungus! You hit the fungus. You hit the fungus.
You slash the fungus! You hit the fungus but do no damage. You hit the fungus.
You hit the fungus. You hit the fungus but do no damage. You hit the fungus.
You hit the fungus. You hit the fungus but do no damage. You hit the fungus.
You hit the fungus. x3
You hit the fungus but do no damage. x3
You hit the fungus. x3
You hit the fungus. You hit the fungus but do no damage. You hit the fungus.
You hit the fungus.
You destroy the fungus!
You hit the fungus. x2
Found a mace.
Crazy Yiuf the Enlightened comes into view.
He is wielding a quarterstaff of chaos.
Casting: Shock
Aiming: Shock The zap hits Crazy Yiuf.
Crazy Yiuf appears unharmed.
Crazy Yiuf shouts!
The zap hits Crazy Yiuf.
Casting: Shock
Aiming: Shock
Aim: Crazy Yiuf, wielding a quarterstaff of chaos and wearing a cloak (lightly wounded)
The zap hits Crazy Yiuf.
Crazy Yiuf whimpers, "Tosser foot broken!"
Casting: Shock
Aiming: Shock
Okay, then.
Casting: Shock
Aiming: Shock
Aim: Crazy Yiuf, wielding a quarterstaff of chaos and wearing a cloak (moderately wounded)
The zap hits Crazy Yiuf.
Casting: Shock
Aiming: Shock
Aim: Crazy Yiuf, wielding a quarterstaff of chaos and wearing a cloak (moderately wounded)
The zap hits Crazy Yiuf.
Crazy Yiuf appears unharmed.
Casting: Shock
Aiming: Shock The zap hits Crazy Yiuf.
Casting: Shock
Aiming: Shock The zap hits Crazy Yiuf.
Crazy Yiuf appears unharmed.
Crazy Yiuf hits you with a quarterstaff of chaos!
You feel your power leaking away.
You hit Crazy Yiuf.
Crazy Yiuf cries, "You leg down broken song, no?"
Crazy Yiuf barely misses you.
You completely miss Crazy Yiuf. Crazy Yiuf closely misses you.
You barely miss Crazy Yiuf. Crazy Yiuf barely misses you.
You hit Crazy Yiuf but do no damage.
Crazy Yiuf laughs, "Blight!"
Crazy Yiuf hits you with a quarterstaff of chaos!
* * * LOW HITPOINT WARNING * * *
You feel drained.
* * * LOW HITPOINT WARNING * * *
Unknown command.
Casting: Shock
Aiming: Shock The zap hits Crazy Yiuf.
Crazy Yiuf hits you with a quarterstaff of chaos!
You die...

Action                   |  1- 3 |  4- 6 || total
-------------------------+-------+-------++-------
Melee: Unarmed           |    19 |       ||    19
       Hand axe          |   120 |    16 ||   136
 Cast: Shock             |     5 |     7 ||    12
  Use: Potion            |       |     1 ||     1
 Stab: Sleeping          |     7 |       ||     7
       Distracted        |     1 |       ||     1
  Eat: Chunk             |     2 |     1 ||     3
       Royal jelly       |       |     1 ||     1

Vault maps used:
D:1:      minmay_arrival_loop
D:2:      uniq_crazy_yiuf_cottage, uniq_iyjb

Notes
Turn   | Place    | Note
--------------------------------------------------------------
     0 | D:1      | Sixotanaka the Formicid Air Elementalist began the quest for the Orb.
     0 | D:1      | Reached XP level 1. HP: 13/13 MP: 3/3
    97 | D:1      | Reached skill level 1 in Fighting
   275 | D:1      | Reached XP level 2. HP: 21/21 MP: 5/5
   416 | D:1      | Reached skill level 1 in Axes
   717 | D:1      | Reached XP level 3. HP: 24/27 MP: 6/6
   835 | D:2      | Noticed Ijyb
   970 | D:2      | Reached skill level 2 in Axes
  1921 | D:2      | Reached XP level 4. HP: 9/33 MP: 7/7
  1921 | D:2      | HP: 8/33 [poisoned by an adder]
  1927 | D:2      | HP: 9/49 [poisoned by an adder]
  1934 | D:2      | HP: 7/49 [poisoned by an adder]
  1941 | D:2      | HP: 6/49 [poisoned by an adder]
  1949 | D:2      | HP: 5/49 [poisoned by an adder]
  2361 | D:2      | Noticed Crazy Yiuf
  2373 | D:2      | Slain by Crazy Yiuf

Vanquished Creatures
  An adder (D:2)
  A worm (D:2)
  2 giant geckos (D:2)
  8 goblins
  5 hobgoblins (D:1)
  2 kobolds (D:1)
  6 bats
  6 giant newts
  7 rats
  A fungus (D:2)
39 creatures vanquished.
